 Dungeon Crawl Stone Soup version 0.24-a0-487-g57318f2ed0 (webtiles) character file.

Game seed: 5685282560405947842

83 Bikalo the Grave Robber (level 4, -1/30 HPs)
             Began as a Demonspawn Necromancer on July 11, 2019.
             Slain by Grinder (6 damage)
             ... while paralysed by Grinder
             ... on level 3 of the Dungeon.
             The game lasted 00:06:32 (3125 turns).

Bikalo the Grave Robber (Demonspawn Necromancer)    Turns: 3125, Time: 00:06:32

Health: -1/30      AC:  6    Str:  8    XL:     4   Next: 22%
Magic:  7/7        EV:  2    Int: 17    God:
Gold:   77         SH:  0    Dex: 14    Spells: 4/8 levels left

rFire    . . .     SeeInvis .   k - +0 short sword (curse)
rCold    . . .     Gourm    .   (no shield)
rNeg     . . .     Faith    .   a - +0 robe
rPois    .         Spirit   .   h - +0 helmet (curse)
rElec    .         Reflect  .   (no cloak)
rCorr    .         Harm     .   (no gloves)
MR       .....                  f - +0 pair of boots
Stlth    ++........             (no amulet)
HPRegen  0.10/turn              (no ring)
MPRegen  0.10/turn              (no ring)

@: paralysed
A: slimy green scales 1, demonic guardian 1
a: no special abilities


You were on level 3 of the Dungeon.
You were not hungry.

You visited 1 branch of the dungeon, and saw 3 of its levels.

You collected 77 gold pieces.

Inventory:

Hand Weapons
 i - a +1 dagger of speed
 k - a cursed +0 short sword (weapon)
Armour
 a - a +0 robe (worn)
 f - a +0 pair of boots (worn)
 g - a +1 hat
 h - a cursed +0 helmet (worn)
Scrolls
 b - 3 scrolls of identify
 d - 2 scrolls of teleportation
 m - a scroll of amnesia {unknown}
 o - a scroll of magic mapping {unknown}
Potions
 e - a potion of heal wounds {unknown}
 l - a potion of experience {unknown}
 n - a potion of degeneration {unknown}
Comestibles
 c - 4 rations
 j - a chunk of flesh


   Skills:
 + Level 0.9 Short Blades
 + Level 2.4 Dodging
 - Level 1.7 Stealth
 + Level 2.5 Spellcasting
 * Level 5.3 Necromancy


You had 4 spell levels left.
You knew the following spells:

 Your Spells              Type           Power        Failure   Level  Hunger
a - Pain                  Necr           ###.         1%          1    #......
b - Vampiric Draining     Necr           ###.......   6%          3    ###....

Your spell library contained the following spells:

 Spells                   Type           Power        Failure   Level  Hunger
 Animate Skeleton         Necr           N/A          1%          1    #......
 Regeneration             Chrm/Necr      ##........   19%         3    ###....
 Animate Dead             Necr           N/A          21%         4    #####..


Dungeon Overview and Level Annotations

Branches:
Dungeon (3/15)

Altars:
Uskayaw
Wu Jian

Annotations:
D:3 Grinder


Innate Abilities, Weirdness & Mutations

You are partially covered in slimy green scales. (AC +2)
A weak demonic guardian rushes to your aid.


Message History

Grinder barely misses you.
Found 10 stones.
You hit Grinder.
Grinder is almost dead.
Grinder hits you but does no damage.
You barely miss Grinder.
Grinder is almost dead.
Grinder misses you.
You closely miss Grinder.
Grinder is almost dead.
Grinder hits you.
You writhe in agony.
Grinder gestures at you.
You suddenly lose the ability to move!
Grinder hits you.
You writhe in agony.
Grinder hits you!
You writhe in agony.
Grinder barely misses you. Grinder hits you!
* * * LOW HITPOINT WARNING * * *
You writhe in agony.
You die...

.≈.......## .... .##
..........##.###.##..#
..####+##....# ......#
###.##.#######.#..#
...................#
.....##.....#<.....#
.....######.###........
...(......5......##..##
## #.#..5@..........#
###########.#.>.. .#
..## ## .#


You could see Grinder and a friendly ufetubus (paralysed).

Vanquished Creatures
  2 adders (D:2)
  An ooze (D:2)
  An adder skeleton (D:2)
  2 worms (D:2)
  A dart slug (D:2)
  A leopard gecko (D:2)
  A giant cockroach (D:1)
  3 goblins (D:1)
  5 hobgoblins
  3 jackals (D:2)
  6 kobolds
  2 ball pythons
  11 bats
  3 frilled lizards
  8 rats
50 creatures vanquished.

Notes
Turn   | Place    | Note
-------+----------+-------------------------------------------
     0 | D:1      | Bikalo the Demonspawn Necromancer began the quest for the
                  | Orb.
     0 | D:1      | Reached XP level 1. HP: 13/13 MP: 3/3
   810 | D:1      | Gained mutation: You are partially covered in slimy green
                  | scales. (AC +2) [demonic ancestry]
   810 | D:1      | Reached XP level 2. HP: 10/19 MP: 0/5
  1827 | D:2      | Gained mutation: A weak demonic guardian rushes to your
                  | aid. [demonic ancestry]
  1827 | D:2      | Reached XP level 3. HP: 24/24 MP: 6/6
  1829 | D:2      | Found an ornate altar of the Wu Jian Council.
  1843 | D:2      | Reached skill level 5 in Necromancy
  1853 | D:2      | Found a hide-covered altar of Uskayaw.
  2672 | D:2      | Learned a level 3 spell: Vampiric Draining
  2692 | D:2      | Reached XP level 4. HP: 13/30 MP: 0/7
  3068 | D:3      | Noticed Grinder
  3088 | D:3      | Paralysed by Grinder for 6 turns
  3103 | D:3      | Paralysed by Grinder for 3 turns
  3121 | D:3      | Paralysed by Grinder for 5 turns
  3125 | D:3      | Slain by Grinder

Levels and vault maps discovered:
D:1:      mushboom_english_gardens, layout_basic
D:2:      layout_rooms, eat_drink_and_be_merry_uskayaw, lemuel_crystal_altar,
          minmay_statues_item
D:3:      kennysheep_goblin_castle, layout_basic, old_standard_altar,
          serial_rivers, chequers_serial_rivers_room_a,
          chequers_serial_rivers_small_a, chequers_serial_rivers_micro_e,
          chequers_serial_rivers_marsh, chequers_serial_rivers_small_3,
          uniq_terence, uniq_ijyb, uniq_grinder

Skill      XL: |  1  2  3 |
---------------+----------+-----
Dodging        | 2 |  2.4
Necromancy     | 5 |  5.3
Short Blades   | |  0.9
Stealth        | |  1.7
Spellcasting   | |  2.5

Action                   |  1- 3 |  4- 6 || total
-------------------------+-------+-------++-------
Melee: Unarmed           |    52 |       ||    52
       Dagger            |    64 |       ||    64
       Short sword       |    21 |    68 ||    89
 Cast: Pain              |    50 |       ||    50
  Use: Scroll            |     4 |       ||     4
 Stab: Sleeping          |       |     2 ||     2
  Eat: Chunk             |     3 |     1 ||     4
       Ration            |     1 |       ||     1
Armor: Robe              |    68 |    20 ||    88
Dodge: Dodged            |   137 |    65 ||   202

Table legend:
 A = Non-vault XP
 B = Vault XP
 C = Vault XP percentage of total XP
 D = Non-vault monster count
 E = Vault monster count
 F = Vault count percentage of total count
                 A         B        C        D         E       F
            +---------+---------+-------+---------+---------+-------
      Total |     119 |       0 |   0.0 |      50 |       0 |   0.0
            +---------+---------+-------+---------+---------+-------
        D:1 |      40 |       0 |   0.0 |      27 |       0 |   0.0
        D:2 |      79 |       0 |   0.0 |      23 |       0 |   0.0
            +---------+---------+-------+---------+---------+-------
